 Dungeon Crawl Stone Soup version 0.27.1-34-g3ba077fa99 (webtiles) character file.

Game seed: 5884144977236607138

385 Sharkman1231 the Digger (level 6, -3/43 HPs)
             Began as a Demonspawn Earth Elementalist on Jan 20, 2022.
             Slain by an iguana (5 damage)
             ... on level 4 of the Dungeon.
             The game lasted 00:03:01 (3279 turns).

Sharkman1231 the Digger (DsEE)                      Turns: 3279, Time: 00:03:02

Health: -3/43      AC:  7    Str:  8    XL:     6   Next: 48%
Magic:  16/19      EV: 12    Int: 17    God:
Gold:   245        SH:  0    Dex: 21    Spells: 7/11 levels left

rFire    . . .     SeeInvis .   a - +2 whip (elec)
rCold    . . .     Faith    .   (no shield)
rNeg     . . .     Spirit   .   b - +0 robe
rPois    .         Reflect  .   h - +1 helmet
rElec    .         Harm     .   q - +0 cloak
rCorr    .         Rampage  .   (no gloves)
Will     .....                  (no boots)
Stlth    ++........             (no amulet)
HPRegen  0.14/turn              e - ring of magical power
MPRegen  0.16/turn              d - +6 ring of dexterity

@: very slightly contaminated, slowed, very slow
A: hooves 2, rugged brown scales 2
a: no special abilities


You were on level 4 of the Dungeon.
You visited 1 branch of the dungeon, and saw 4 of its levels.

You collected 245 gold pieces.

Inventory:

Hand Weapons
 a - a +2 whip of electrocution (weapon)
Missiles
 c - 127 stones
Armour
 b - a +0 robe (worn)
 h - a +1 helmet (worn)
 q - a +0 cloak (worn)
Jewellery
 d - a +6 ring of dexterity (right hand)
 e - a ring of magical power (left hand)
 r - a +4 ring of evasion
Wands
 v - a wand of acid (11)
Scrolls
 i - a scroll of identify {unknown}
 j - 2 scrolls of teleportation {unknown}
 n - a scroll of magic mapping {unknown}
 o - a scroll of silence {unknown}
 t - 2 scrolls of vulnerability {unknown}
 x - a scroll of enchant armour {unknown}
 y - a scroll of brand weapon {unknown}
Potions
 g - a potion of lignification {unknown}
 k - a potion of haste {unknown}
 l - a potion of brilliance {unknown}
 m - a potion of heal wounds {unknown}
 p - a potion of attraction {unknown}
 s - a potion of mutation {unknown}
 u - a potion of magic {unknown}
 w - a potion of invisibility {unknown}


   Skills:
 * Level 3.1 Maces & Flails
 - Level 1.7 Dodging
 - Level 1.7 Stealth
 + Level 3.2 Spellcasting
 + Level 2.1 Conjurations
 - Level 0.8 Transmutations
 * Level 4.6 Earth Magic


You had 7 spell levels left.
You knew the following spells:

 Your Spells              Type           Power      Damage    Failure   Level
a - Sandblast             Erth           36%        2d10      2%          1
b - Stone Arrow           Conj/Erth      28%        3d8       13%         3

Your spell library contained the following spells:

 Spells                   Type           Power      Damage    Failure   Level
 Passwall                 Tmut/Erth      10%        N/A       9%          2
 Sting                    Tmut/Pois      16%        1d3       14%         1
 Animate Skeleton         Necr           4%         N/A       17%         1
 Apportation              Tloc           4%         N/A       17%         1
 Corona                   Hex            2%         N/A       17%         1
 Summon Small Mammal      Summ           8%         N/A       17%         1
 Poisonous Vapours        Pois/Air       4%         N/A       26%         2
 Petrify                  Tmut/Erth      12%        N/A       50%         4
 Olgreb's Toxic Radiance  Pois           2%         N/A       86%         4


Dungeon Overview and Level Annotations

Branches:
Dungeon (4/15)
 Temple: D:4-7

Altars:
Gozag

Annotations:
D:2 Terence


Innate Abilities, Weirdness & Mutations

You have hoof-like feet.
You are mostly covered in rugged brown scales. (AC +2, +5% HP)


Message History

Casting: Sandblast (safe; 2% risk of failure)
Confirm with . or Enter, or press ? or * to list all spells.
Aiming: Sandblast (safe; 2% risk of failure)
Press: ? - help, Shift-Dir - straight line, f/p - iguana
Aim: an iguana (severely wounded, 82% to hit)
You miscast Sandblast.
You are very lightly contaminated with residual magic.
Nothing appears to happen.
The iguana bites you.
The orc throws a curare-tipped dart.
The curare-tipped dart hits you.
You are poisoned.
You have difficulty breathing.
You feel yourself slow down.
Unknown command.
Unknown command.
You feel very sick. The iguana bites you!
Unknown command.
Casting: Sandblast (safe; 2% risk of failure)
Confirm with . or Enter, or press ? or * to list all spells.
Aiming: Sandblast (safe; 2% risk of failure)
Press: ? - help, Shift-Dir - straight line, f/p - iguana
Aim: an iguana (severely wounded, 82% to hit)
The blast of sand misses the iguana.
You feel very sick. The iguana bites you!
* * * LOW HITPOINT WARNING * * *
The orc barely misses you.
It was a potion of curing.
You feel better. The iguana bites you!
* * * LOW HITPOINT WARNING * * *
The orc barely misses you.
The iguana bites you but does no damage.
The orc hits you from afar with a +0 trident.
* * * LOW HITPOINT WARNING * * *
Okay, then.
Okay, then.
You feel better. The ufetubus barely misses you.
The ufetubus hits you but does no damage.
The ufetubus hits you.
* * * LOW HITPOINT WARNING * * *
The ufetubus misses you. The iguana bites you.
You die...

.............###
.###...........# ##
##...#.##...### ##
##..#.####...# .#
#......##..>#### ##
..####...........#..#..#.
.........................
....####.:...............
......####......@l......#
...............5##o......
.)...###.#..)............
.....#######.##.##.......
.........##..###.#.......
.............##..........
.#...............###.....
###........#....#####....
.###.............#.......$##


You could see an iguana, an orc and an ufetubus.

Vanquished Creatures
  A black bear (D:3)
  Crazy Yiuf (D:3)
  2 orc priests (D:4)
  A centaur skeleton (D:4)
  An iguana (D:4)
  5 adders
  A gnoll (D:1)
  3 worms
  A dart slug (D:3)
  7 orcs (D:4)
  7 ball pythons
  6 endoplasms
  A giant cockroach (D:1)
  11 goblins
  6 hobgoblins
  4 jackals
  2 quokkas
  3 bats
  6 frilled lizards
  4 kobolds
  A quokka skeleton (D:4)
  4 rats
78 creatures vanquished.

Vanquished Creatures (others)
  A fungus (D:2)
  2 plants (D:2)
3 creatures vanquished.

Grand Total: 81 creatures vanquished

Notes
Turn   | Place    | Note
-------+----------+-------------------------------------------
     0 | D:1      | Sharkman1231 the Demonspawn Earth Elementalist began the
                  | quest for the Orb.
     0 | D:1      | Reached XP level 1. HP: 13/13 MP: 3/3
   179 | D:1      | Reached skill level 3 in Earth Magic
   225 | D:1      | Gained mutation: You have large cloven feet. [demonic
                  | ancestry]
   225 | D:1      | Reached XP level 2. HP: 19/19 MP: 5/5
   751 | D:1      | Gained mutation: You have hoof-like feet. [demonic
                  | ancestry]
   751 | D:1      | Reached XP level 3. HP: 24/24 MP: 6/6
   755 | D:1      | Learned a level 3 spell: Stone Arrow
   994 | D:2      | Reached skill level 1 in Maces & Flails
  1273 | D:2      | Noticed Terence
  1549 | D:2      | Found a faded altar of an unknown god.
  1807 | D:3      | Gained mutation: You are partially covered in rugged brown
                  | scales. (AC +1, +3% HP) [demonic ancestry]
  1807 | D:3      | Reached XP level 4. HP: 24/30 MP: 7/7
  2288 | D:3      | Noticed a black bear
  2292 | D:3      | Killed a black bear
  2293 | D:3      | Reached skill level 1 in Conjurations
  2293 | D:3      | Reached skill level 4 in Earth Magic
  2293 | D:3      | Reached XP level 5. HP: 36/36 MP: 9/9
  2443 | D:3      | Found a runed translucent door.
  2444 | D:3      | Noticed Crazy Yiuf
  2506 | D:3      | Killed Crazy Yiuf
  2696 | D:4      | Gained mutation: You are mostly covered in rugged brown
                  | scales. (AC +2, +5% HP) [demonic ancestry]
  2696 | D:4      | Reached XP level 6. HP: 31/43 MP: 9/10
  2838 | D:4      | Found an opulent altar of Gozag.
  3278 | D:4      | HP: 1/43 [orc (3)]
  3279 | D:4      | Slain by an iguana

Illustrated notes

Levels and vault maps discovered:
D:1:      dpeg_arrival_tiny_i, layout_loops_ring, minmay_shallow_snake_nest
D:2:      layout_loops_ring, shapermc_ecumenical_altar_mp_ritualfount,
          uniq_terence
D:3:      layout_basic, uniq_crazy_yiuf_cottage
D:4:      layout_cave_pools, mainiacjoe_overflow_tiny_flanked,
          minmay_misc_feat_four_crosses, minmay_statues_item,
          hangedman_decor_diamond_cutter, minmay_quantized

Skill      XL: |  1  2  3  4  5  6 |
---------------+-------------------+-----
Earth Magic    | 3 4 |  4.6
Maces & Flails | 1 2 3 |  3.1
Conjurations   | 1 2 |  2.1
Spellcasting   | 3 |  3.2
Dodging        | |  1.7
Stealth        | |  1.7
Transmutations | |  0.8

Action                   |  1- 3 |  4- 6 || total
-------------------------+-------+-------++-------
Melee: Whip              |    23 |    24 ||    47
       Kick              |     3 |     3 ||     6
 Cast: Sandblast         |    38 |    58 ||    96
  Use: Potion            |       |     2 ||     2
 Stab: Sleeping          |     3 |     1 ||     4
Armor: Robe              |     5 |    14 ||    19
Dodge: Dodged            |    15 |    30 ||    45
